 Dungeon Crawl Stone Soup version 0.27-a0-421-g7ddf969dea (webtiles) character file.

Game seed: 7097769698826785314

18 Anon1729 the Skirmisher (level 2, 0/24 HPs)
             Began as a Demonspawn Monk on Feb 26, 2021.
             Slain by an orc wizard
             ... wielding a +0 dagger
              (2 damage)
             ... on level 1 of the Dungeon.
             The game lasted 00:00:38 (963 turns).

Anon1729 the Skirmisher (Demonspawn Monk)            Turns: 963, Time: 00:00:39

Health: 0/24       AC:  3    Str: 11    XL:     2   Next: 51%
Magic:  2/2        EV: 13    Int: 11    God:
Gold:   51         SH:  4    Dex: 15    Spells: 1/1 levels left

rFire    . . .     SeeInvis .   a - +0 short sword
rCold    . . .     Faith    .   (no shield)
rNeg     . . .     Spirit   .   b - +0 robe
rPois    .         Reflect  .   d - +0 helmet
rElec    .         Harm     .   (no cloak)
rCorr    .         Rampage  .   (no gloves)
Will     .....                  (no boots)
Stlth    ++........             (no amulet)
HPRegen  0.08/turn              (no ring)
MPRegen  0.08/turn              (no ring)

@: no status effects
A: condensation shield
a: no special abilities


You were on level 1 of the Dungeon.
You visited 1 branch of the dungeon, and saw 2 of its levels.

You collected 51 gold pieces.

Inventory:

Hand Weapons
 a - a +0 short sword (weapon)
Armour
 b - a +0 robe (worn)
 d - a +0 helmet (worn)
Jewellery
 i - an amulet of regeneration
Scrolls
 f - a scroll of teleportation {unknown}
Potions
 c - a potion of berserk rage {unknown}
 e - a potion of cancellation {unknown}
 g - 2 potions of attraction {unknown}
 h - a potion of curing {unknown}
 j - 2 potions of lignification {unknown}


   Skills:
 + Level 3.3 Fighting
 + Level 2.9 Short Blades
 + Level 2.9 Dodging
 + Level 1.9 Stealth


You had one spell level left.
You didn't know any spells.
Your spell library was empty.

Dungeon Overview and Level Annotations

Branches:
Dungeon (2/15)

Altars:


Innate Abilities, Weirdness & Mutations

A meltable shield of frost defends you. (SH +4)


Message History

A bat comes into view.
An orc priest comes into view. It is wielding a +0 trident.
The orc wizard gestures at itself while chanting.
The orc wizard flickers and vanishes!
Deactivating autopickup; reactivate with Ctrl-A.
The bat moves out of view.
A worm comes into view.
A goblin comes into view.
The orc hits you.
You closely miss the orc. The orc hits you but does no damage.
You hit the orc.
The orc is moderately wounded.
You block the orc's attack. The bat hits you but does no damage.
The orc hits you but does no damage.
You barely miss the orc.
The orc is moderately wounded.
You block the bat's attack. The orc misses you.
You hit the orc.
The orc is heavily wounded.
The bat closely misses you.
A rat comes into view.
The orc hits you with a +0 club!
A goblin comes into view. It is wielding a +0 club.
The orc hits you but does no damage. Something hits you!
* * * LOW HITPOINT WARNING * * *
The orc misses you.
The rat moves out of view.
The bat hits you.
* * * LOW HITPOINT WARNING * * *
The bat barely misses you. The orc closely misses you.
There is a stone staircase leading up here.
The orc priest completely misses you. The orc closely misses you.
The orc misses you. Something hits you.
* * * LOW HITPOINT WARNING * * *
You climb upwards.
Reactivating autopickup.
There is a stone staircase leading down here.
Unknown command.
Deactivating autopickup; reactivate with Ctrl-A.
You hit something but do no damage. The orc barely misses you.
Something hits you.
You die...

### #..# #.#
#.## #.### #.#
#...# #.#
###.# #.# #.#
####.#### #.#
#.......# #.#
##.###.####.#
#...##.#.@oo#
##.###.######
#.###.#
#.#.#.##
#......#
###.#.#.#
###...#...#
#...#####.# #
####†#...#...#


You could see 2 orcs.

Vanquished Creatures
  A leopard gecko (D:1)
  2 giant cockroaches (D:1)
  2 hobgoblins (D:1)
  3 kobolds (D:1)
  A bat (D:1)
  5 frilled lizards (D:1)
  5 rats (D:1)
19 creatures vanquished.

Notes
Turn   | Place    | Note
-------+----------+-------------------------------------------
     0 | D:1      | Anon1729 the Demonspawn Monk began the quest for the Orb.
     0 | D:1      | Reached XP level 1. HP: 18/18 MP: 1/1
   167 | D:1      | Gained mutation: A meltable shield of frost defends you.
                  | (SH +4) [demonic ancestry]
   167 | D:1      | Reached XP level 2. HP: 24/24 MP: 2/2
   963 | D:1      | Slain by an orc wizard

Illustrated notes

Levels and vault maps discovered:
D:1:      dpeg_arrival_water_temple_mockup, layout_loops_ring,
          grunt_decor_fettered
D:2:      layout_basic, yredelemnul_forgotten_temple_becter,
          minmay_fractal_squares_5

Action                   || total
-------------------------++-------
Melee: Short sword       ||    60
 Stab: Sleeping          ||     6
Armor: Robe              ||    10
Dodge: Dodged            ||    42
Block: Other             ||     6

Table legend: (Time is in decaauts)
 A = Elapsed time spent in this place.
 B = Non-inter-level travel time spent in this place.
 C = Inter-level travel time spent in this place.
 D = Time resting spent in this place.
 E = Time spent auto-exploring this place.
 F = Levels seen in this place.
 G = Mean time per level.
                   A        B        C        D        E       F      G
               +--------+--------+--------+--------+--------+-----+--------+
         Total |    960 |    928 |     32 |      0 |    781 |   2 |  480.0 |
       Dungeon |    960 |    928 |     32 |      0 |    781 |   2 |  480.0 |
               +--------+--------+--------+--------+--------+-----+--------+

Top non-repeatable levels by time:
     D:1: 951 daAuts
     D:2: 9 daAuts
